 Dungeon Crawl Stone Soup version 0.18-b1-18-g7758cf2 (webtiles) character file.

298 GreamJoe the Covered (level 6, -2/55 HPs)
             Began as a Minotaur Fighter on May 2, 2016.
             Killed from afar by an orc wizard (6 damage)
             ... with a magic dart
             ... on level 4 of the Dungeon.
             The game lasted 00:09:16 (1737 turns).

GreamJoe the Covered (Minotaur Fighter)             Turns: 1737, Time: 00:09:16

Health: -2/55      AC:  8    Str: 23    XL:     6   Next: 13%
Magic:  5/5        EV:  8    Int:  5    God:
Gold:   144        SH: 10    Dex:  9    Spells: 0 memorised, 5 levels left

rFire  . . .     SeeInvis .     l - +0 flail
rCold  . . .     Gourm    .     b - +0 scale mail
rNeg   . . .     Faith    .     c - +0 shield
rPois  .         Spirit   .     (helmet restricted)
rElec  .         Dismiss  .     (no cloak)
rCorr  .         Reflect  .     k - +0 pair of gloves (curse)
SustAt .         Harm     .     (no boots)
MR     .....                    (no amulet)
Stlth  ..........               (no ring)
                                (no ring)

@: not resistant to hostile enchantments, extremely unstealthy
A: retaliatory headbutt, horns 2
a: no special abilities


You were on level 4 of the Dungeon.
You were completely stuffed.

You visited 1 branch of the dungeon, and saw 4 of its levels.

You collected 144 gold pieces.

Inventory:

Hand Weapons
 a - a +0 trident
 h - a +0 giant club
 l - a +0 flail (weapon)
Missiles
 o - 2 throwing nets (quivered)
 t - 11 stones
Armour
 b - a +0 scale mail (worn)
 c - a +0 shield (worn)
 k - a cursed +0 pair of gloves (worn)
 q - a +0 shield
 s - a +0 scale mail
Scrolls
 g - 3 scrolls of identify {unknown}
 i - 2 scrolls of blinking {unknown}
 m - a scroll of fear {unknown}
 n - 2 scrolls of enchant weapon {unknown}
 r - a scroll of amnesia {unknown}
Potions
 d - a potion of might
 e - 3 potions of curing {unknown}
 j - 2 potions of cure mutation {unknown}
Comestibles
 f - 2 bread rations
 p - a slice of pizza


   Skills:
 + Level 4.8 Fighting
 + Level 0.5 Maces & Flails
 + Level 3.4 Polearms
 + Level 0.2 Throwing
 + Level 5.3 Armour
 + Level 2.1 Dodging
 + Level 0.3 Stealth
 + Level 5.1 Shields


You had 5 spell levels left.
You didn't know any spells.

Dungeon Overview and Level Annotations

Branches:
Dungeon (4/15)
 Temple: D:4-7

Altars:
Fedhas
Vehumet


Innate Abilities, Weirdness & Mutations

You reflexively headbutt those who attack you in melee.
You have a pair of horns on your head.


Message History

The orc wizard shouts!
The orc wizard points at you and mumbles some strange words.
The magic dart hits you!
* * * LOW HITPOINT WARNING * * *
The orc closely misses you.
You hit the orc.
The orc is severely wounded.
The orc wizard hits you but does no damage.
You block the orc wizard's attack. The orc barely misses you.
You completely miss the orc. Your headbutt misses the orc.
The orc is severely wounded.
The orc wizard barely misses you. The orc hits you with a whip.
* * * LOW HITPOINT WARNING * * *
The orc wizard hits you but does no damage.
You block the orc's attack.
You closely miss the orc. Your headbutt misses the orc.
The orc is severely wounded.
The orc wizard casts a spell at you. The magic dart hits you!
You die...

##.......# ##...####.#
#....<.##.####
###...#.......#
#.......##.##.# ##
####.#####.# # #. #.# #.#
#.## ##.#####.# #####..#
##@o......# ........
##.o...##### .....#
##.......##
##..######......o.o####.o.
#.......)).........'......
#.....####.........####...
.........# ##.......##
.###..#### ##.....## ....
##...##


You could see 3 orc wizards and an orc.

Vanquished Creatures
  An ogre (D:3)
  2 orc wizards (D:4)
  An orc priest (D:4)
  4 gnolls (D:2)
  4 adders
  An adder skeleton (D:4)
  A dart slug (D:3)
  A giant gecko (D:3)
  An orc (D:4)
  6 bats
  A giant cockroach (D:2)
  7 goblins
  4 hobgoblins
  3 jackals (D:2)
  A ball python (D:4)
  A giant newt (D:3)
  7 kobolds
  6 rats
  4 plants (D:1)
56 creatures vanquished.

Notes
Turn   | Place    | Note
--------------------------------------------------------------
     0 | D:1      | GreamJoe the Minotaur Fighter began the quest for the Orb.
     0 | D:1      | Reached XP level 1. HP: 19/19 MP: 0/0
   420 | D:1      | Reached XP level 2. HP: 27/27 MP: 1/1
   602 | D:2      | Reached XP level 3. HP: 33/33 MP: 2/2
   816 | D:2      | Reached XP level 4. HP: 40/40 MP: 3/3
   851 | D:2      | Found a radiant altar of Vehumet.
  1200 | D:3      | Reached skill level 1 in Dodging
  1290 | D:3      | Noticed an ogre
  1302 | D:3      | Killed an ogre
  1302 | D:3      | Reached skill level 5 in Armour
  1302 | D:3      | Reached XP level 5. HP: 5/47 MP: 4/4
  1307 | D:3      | Found a blossoming altar of Fedhas.
  1572 | D:3      | Found a faded altar to an unknown god.
  1704 | D:4      | Reached skill level 5 in Shields
  1704 | D:4      | Reached XP level 6. HP: 5/55 MP: 5/5
  1737 | D:4      | Killed from afar by an orc wizard

Skill      XL: |  1  2  3  4  5 |
---------------+----------------+-----
Shields        | 4 5 |  5.1
Armour         | 4 5 |  5.3
Fighting       | 4 |  4.8
Polearms       | 3 |  3.4
Dodging        | 1 2 |  2.1
Maces & Flails | |  0.5
Throwing       | |  0.2
Stealth        | |  0.3

Action                   |  1- 3 |  4- 6 || total
-------------------------+-------+-------++-------
Melee: Trident           |   173 |    59 ||   232
       Headbutt          |    46 |    16 ||    62
       Flail             |       |    36 ||    36
Throw: Throwing net      |       |     1 ||     1
  Eat: Meat ration       |       |     1 ||     1
       Bread ration      |       |     2 ||     2
Armor: Scale mail        |    11 |    57 ||    68
Dodge: Dodged            |    12 |    28 ||    40
Block: Shield            |    15 |    56 ||    71
